 Dungeon Crawl Stone Soup version 0.28-a0-655-g4eb62b627b (webtiles) character file.

Game seed: 9002061654820833017

56 runemasterragnar the Magician (level 4, 0/32 HPs)
             Began as a Djinni Hedge Wizard on Oct 13, 2021.
             Was an Initiate of Ru.
             Slain by Natasha (8 damage)
             ... on level 2 of the Dungeon.
             The game lasted 00:05:57 (3181 turns).

runemasterragnar the Magician (Djinni Hedge Wizard) Turns: 3181, Time: 00:05:58

Health: 0/32       AC:  2    Str: 10    XL:     4   Next: 17%
Gold:   39         EV: 12    Int: 16    God:    Ru [......] SH:  0 Dex: 10

rFire   + + +      SeeInvis +   a - +0 dagger
rCold   . . .      Faith    .   (no shield)
rNeg    . . .      Spirit   .   b - +0 robe
rPois   ∞          Reflect  .   c - +0 hat
rElec   .          Harm     .   (no cloak)
rCorr   .          Rampage  .   (no gloves)
Will    .....                   (boots unavailable)
Stlth   ++........              (no amulet)
HPRegen 0.10/turn               e - ring of the Shining Light {rF++ rC+ Dex-2 SInv}
MPRegen 0.00/turn               (no ring)

@: flying, very slightly contaminated, slowed, very slow
A: sickness immunity, fire resistance 2, cold vulnerability 1, missing an eye,
float, innate caster, hp casting, extra vitality 1
a: Renounce Religion


You were on level 2 of the Dungeon.
You worshipped Ru.
Ru was noncommittal.
You visited 1 branch of the dungeon, and saw 2 of its levels.

You collected 39 gold pieces.

Inventory:

Hand Weapons
 a - a +0 dagger (weapon)
Armour
 b - a +0 robe (worn)
 c - a +0 hat (worn)
 h - a +0 scale mail
Jewellery
 e - the ring of the Shining Light (left hand) {rF++ rC+ Dex-2 SInv}
   (You acquired it on level 2 of the Dungeon)

   [ring of see invisible]

   Dex:       It affects your dexterity (-2).
   rF:        It greatly protects you from fire.
   rC:        It protects you from cold.
   SInv:      It lets you see invisible.
Scrolls
 f - a scroll of holy word {unknown}
 g - a scroll of fog
 i - 2 scrolls of teleportation
Potions
 d - 3 potions of heal wounds {unknown}
 j - a potion of curing {unknown}
 k - a potion of haste {unknown}


   Skills:
 + Level 1.2 Fighting
 + Level 0.6 Armour
 + Level 2.8 Dodging
 - Level 1.9 Stealth
 * Level 3.0 Spellcasting


You couldn't memorise any spells.
You knew the following spells:

 Your Spells              Type           Power      Damage    Failure   Level
a - Magic Dart            Conj           48%        1d5       5%          1
b - Blink                 Tloc           N/A        N/A       9%          2
c - Call Imp              Summ           12%        N/A       9%          2
d - Slow                  Hex            12%        N/A       9%          2
e - Conjure Flame         Conj/Fire      12%        6-21      16%         3
f - Mephitic Cloud        Conj/Pois/Air  12%        N/A       16%         3
g - Pain                  Necr           48%        1d6       5%          1
Your spell library was empty.

Dungeon Overview and Level Annotations

Branches:
Dungeon (2/15)

Altars:
Ru

Annotations:
D:2 Natasha


Innate Abilities, Weirdness & Mutations

You are immune to sickness and miasma.
You are immune to poison.
Your flesh is very heat resistant. (rF++)
You are vulnerable to cold. (rC-)
You are missing an eye, making it more difficult to aim.
You float through the air rather than walking.
You learn spells naturally, not from books.
Your magical power is your life essence.
You have superior vitality. (+4 HP)


Message History

Casting: Call Imp (safe; 9% risk of failure)
Confirm with . or Enter, or press ? or * to list all spells.
Aiming: Magic Dart (safe; 5% risk of failure)
Press: ? - help, Shift-Dir - straight line, f/p - Natasha
Aim: Natasha (moderately wounded, 100% to hit)
Okay, then.
Casting: Magic Dart (safe; 5% risk of failure)
Confirm with . or Enter, or press ? or * to list all spells.
Okay, then.
Casting: Magic Dart (safe; 5% risk of failure)
Confirm with . or Enter, or press ? or * to list all spells.
The spell is quite dangerous to cast (16% risk of failure)!
Continue anyway?
Aiming: Mephitic Cloud (quite dangerous; 16% risk of failure)
Press: ? - help, Shift-Dir - straight line, p - Natasha The ball explodes into a vile cloud!
The stinking cloud engulfs Natasha but does no damage.
Natasha is moderately wounded.
The stinking cloud engulfs the goblin but does no damage.
Unknown command.
Unknown command.
Casting: Mephitic Cloud (quite dangerous; 16% risk of failure)
Confirm with . or Enter, or press ? or * to list all spells.
Aiming: Magic Dart (safe; 5% risk of failure)
Press: ? - help, Shift-Dir - straight line, f - goblin
Aim: a goblin, wielding a +0 club (100% to hit)
The magic dart hits the goblin.
The goblin is severely wounded.
The goblin hits you with a +0 club.
Natasha is engulfed in noxious fumes.
Unknown command.
Unknown command.
Natasha claws you.
You miss Natasha.
Natasha is moderately wounded.
Natasha claws you.
You hit Natasha but do no damage.
Natasha is moderately wounded.
Natasha claws you.
* * * LOW HITPOINT WARNING * * *
Natasha claws you!
You die...

#####.............#.###.#
#.............#.# #..
####..........#.# ##.
#..####.##.#.# #.
#.....#.##.#.# #.
##.#.....#.# ## ##'####
#.#######.#
.......##.........
......gh@.........
......5##..#######
....... #..# ....... ####
####... #... #... #...


You could see Natasha, a white imp (summoned) and a goblin.

Vanquished Creatures
  An adder (D:2)
  A worm (D:2)
  3 dart slugs
  4 ball pythons
  2 bats
  3 endoplasms (D:1)
  4 giant cockroaches (D:1)
  3 goblins
  4 hobgoblins
  A quokka (D:1)
  A frilled lizard (D:1)
  A kobold (D:1)
  3 rats
31 creatures vanquished.

Vanquished Creatures (collateral kills)
  A worm (D:2)
  A kobold (D:2)
2 creatures vanquished.

Grand Total: 33 creatures vanquished

Notes
Turn   | Place    | Note
-------+----------+-------------------------------------------
     0 | D:1      | runemasterragnar the Djinni Hedge Wizard began the quest
                  | for the Orb.
     0 | D:1      | Reached XP level 1. HP: 15/15 MP: 0/0
   612 | D:1      | Reached XP level 2. HP: 18/22 MP: 0/0
   859 | D:1      | Found a faded altar of an unknown god.
  1022 | D:1      | Prayed at the altar of an unknown god.
  1022 | D:1      | Became a worshipper of Ru the Awakened
  1026 | D:1      | Gained mutation: You are missing an eye, making it more
                  | difficult to aim. [Ru sacrifice]
  1800 | D:1      | Reached XP level 3. HP: 22/26 MP: 0/0
  1800 | D:1      | Learned a level 1 spell: Pain
  2167 | D:2      | Reached skill level 1 in Fighting
  2879 | D:2      | Identified a scroll of acquirement
  2879 | D:2      | Acquired the ring of the Shining Light {rF++ rC+ Dex-2
                  | SInv}
  2915 | D:2      | Reached XP level 4. HP: 28/32 MP: 0/0
  2973 | D:2      | Reached skill level 3 in Spellcasting
  3172 | D:2      | Noticed Natasha
  3181 | D:2      | Slain by Natasha

Illustrated notes

Levels and vault maps discovered:
D:1:      saegor_arrival_simple_b, layout_basic,
          hellmonk_ecumenical_altar_arch_garden
D:2:      layout_basic, uniq_natasha

Skill      XL: |  1  2  3  4 |
---------------+-------------+-----
Fighting       | 1 |  1.2
Spellcasting   | 3 |  3.0
Armour         | |  0.6
Dodging        | |  2.8
Stealth        | |  1.9

Action                   |  1- 3 |  4- 6 || total
-------------------------+-------+-------++-------
Melee: Dagger            |    68 |     6 ||    74
 Cast: Magic Dart        |    67 |    12 ||    79
       Call Imp          |     4 |       ||     4
       Slow              |     1 |       ||     1
       Blink             |     1 |       ||     1
       Mephitic Cloud    |       |     1 ||     1
Invok: Sacrifice an Eye  |     1 |       ||     1
  Use: Scroll            |     3 |       ||     3
Armor: Robe              |    14 |       ||    14
Dodge: Dodged            |    49 |     2 ||    51

Table legend: (Time is in decaauts)
 A = Elapsed time spent in this place.
 B = Non-inter-level travel time spent in this place.
 C = Inter-level travel time spent in this place.
 D = Time resting spent in this place.
 E = Time spent auto-exploring this place.
 F = Levels seen in this place.
 G = Mean time per level.
                   A        B        C        D        E       F      G
               +--------+--------+--------+--------+--------+-----+--------+
         Total |   3182 |   3168 |     14 |   1291 |   1502 |   2 | 1591.0 |
       Dungeon |   3182 |   3168 |     14 |   1291 |   1502 |   2 | 1591.0 |
               +--------+--------+--------+--------+--------+-----+--------+

Top non-repeatable levels by time:
     D:1: 2091 daAuts
     D:2: 1091 daAuts
